 Dungeon Crawl Stone Soup version 0.21.1-1-g345015f (webtiles) character file.

210 prawnwizard the Stinger (level 5, -6/32 HPs)
             Began as an Octopode Venom Mage on July 3, 2018.
             Mangled by a bullfrog (7 damage)
             ... on level 3 of the Dungeon.
             The game lasted 00:09:37 (3356 turns).

prawnwizard the Stinger (Octopode Venom Mage)       Turns: 3356, Time: 00:09:38

Health: -6/32      AC:  1    Str:  8    XL:     5   Next: 87%
Magic:  4/9        EV: 13    Int: 18    God:
Gold:   122        SH:  0    Dex: 12    Spells: 6/9 levels left

rFire    . . .     SeeInvis .   i - +0 spear
rCold    . . .     Gourm    +   (no shield)
rNeg     . . .     Faith    .   (helmet restricted)
rPois    .         Spirit   .   g - amulet of the gourmand
rElec    .         Reflect  .   (no ring)
rCorr    .         Harm     .   (no ring)
MR       .....                  (no ring)
Stlth    ++++......             (no ring)
HPRegen  0.10/turn              (no ring)
MPRegen  0.11/turn              (no ring)
                                (no ring)
                                (no ring)

@: no status effects
A: almost no armour, stealthy swim, amphibious, 8 rings, constrict 8, camouflage
1, gelatinous body 1
a: no special abilities


You were on level 3 of the Dungeon.
You were completely stuffed.

You visited 1 branch of the dungeon, and saw 3 of its levels.

You collected 122 gold pieces.

Inventory:

Hand Weapons
 i - a +0 spear (weapon)
Jewellery
 g - an amulet of the gourmand (around mantle)
Scrolls
 c - a scroll of remove curse
 d - 2 scrolls of identify {unknown}
 e - 2 scrolls of teleportation {unknown}
 f - 2 scrolls of blinking {unknown}
 h - a scroll of magic mapping {unknown}
Potions
 k - a potion of curing
Books
 a - a Young Poisoner's Handbook

   Spells                             Type                      Level
   a - Sting                          Conjuration/Poison           1
   b - Poisonous Vapours              Poison/Air                   2
   c - Mephitic Cloud                 Conjuration/Poison/Air       3
   d - Olgreb's Toxic Radiance        Poison                       4
   e - Venom Bolt                     Conjuration/Poison           5
Comestibles
 b - 5 rations
 j - 10 chunks of flesh


   Skills:
 + Level 0.9 Fighting
 - Level 2.0 Dodging
 + Level 4.3 Stealth
 + Level 2.8 Spellcasting
 - Level 2.1 Conjurations
 + Level 0.7 Air Magic
 * Level 5.6 Poison Magic


You had 6 spell levels left.
You knew the following spells:

 Your Spells              Type           Power        Failure   Level  Hunger
a - Sting                 Conj/Pois      ###.         3%          1    None
b - Poisonous Vapours     Pois/Air       ##....       7%          2    ##.....


Dungeon Overview and Level Annotations

Branches:
Dungeon (3/15)

Altars:


Innate Abilities, Weirdness & Mutations

You cannot wear most types of armour.
You are very stealthy in the water. (Stealth+)
You are amphibious.
You can wear up to eight rings at the same time.
You can use your tentacles to constrict eight enemies at once.
Your skin changes colour to match your surroundings (Stealth+).
Your rubbery body absorbs attacks. (AC +1, EV +1)


Message History

The bullfrog is severely wounded.
The bullfrog hits you.
* * * LOW HITPOINT WARNING * * *
You closely miss the bullfrog. You grab the bullfrog.
The bullfrog is severely wounded.
You constrict the bullfrog. The bullfrog closely misses you.
The bullfrog hits you.
* * * LOW HITPOINT WARNING * * *
You release your grip on the bullfrog.
The bullfrog looks more healthy.
The bullfrog hits you.
* * * LOW HITPOINT WARNING * * *
Casting: Sting
Confirm with . or Enter, or press ? or * to list all spells.
Aiming: Sting
Press: ? - help, Shift-Dir - straight line, f/p - bullfrog
Aim: a bullfrog (severely wounded)
The sting hits the bullfrog.
The bullfrog is poisoned.
The bullfrog is severely wounded.
The bullfrog hits you!
You die...

#.# #.# #.# #.#
#.### #.#.##
###....## #
#.......#####...#
...........F@......#
?###.....####......#
.......# .###.##
#.##....# .# ...
##.#.# .# ## #.###
.. .. .. ..


You could see a bullfrog.

Vanquished Creatures
  A big kobold (D:3)
  A crimson imp (D:3)
  4 adders
  A worm (D:2)
  A leopard gecko (D:3)
  An orc (D:3)
  10 bats
  2 giant cockroaches
  5 goblins
  8 hobgoblins
  13 jackals
  4 kobolds
  3 quokkas (D:3)
  2 frilled lizards
  7 rats
63 creatures vanquished.

Notes
Turn   | Place    | Note
-------+----------+-------------------------------------------
     0 | D:1      | prawnwizard the Octopode Venom Mage began the quest for the Orb.
     0 | D:1      | Reached XP level 1. HP: 11/11 MP: 3/3
    81 | D:1      | Reached skill level 4 in Poison Magic
   354 | D:1      | Reached XP level 2. HP: 10/17 MP: 0/5
   760 | D:1      | Learned a level 2 spell: Poisonous Vapours
  1294 | D:2      | Reached XP level 3. HP: 10/21 MP: 1/6
  1316 | D:2      | HP: 1/21 [poisoned by an adder]
  2106 | D:2      | Reached XP level 4. HP: 27/27 MP: 3/7
  2145 | D:2      | Found a faded altar of an unknown god.
  2711 | D:3      | Reached skill level 5 in Poison Magic
  2875 | D:3      | Reached XP level 5. HP: 27/31 MP: 5/8
  2894 | D:3      | Noticed a big kobold
  2919 | D:3      | Killed a big kobold
  3355 | D:3      | HP: 1/32 [bullfrog (4)]
  3356 | D:3      | Mangled by a bullfrog

Skill      XL: |  1  2  3  4 |
---------------+-------------+-----
Poison Magic   | 4 5 |  5.6
Stealth        | 3 4 |  4.3
Conjurations   | 2 |  2.1
Fighting       | |  0.9
Dodging        | |  2.0
Spellcasting   | |  2.8
Air Magic      | |  0.7

Action                   |  1- 3 |  4- 6 || total
-------------------------+-------+-------++-------
Melee: Unarmed           |    24 |       ||    24
       Constrict         |     8 |    14 ||    22
       Tentacles         |     3 |     6 ||     9
       Spear             |     5 |    55 ||    60
 Cast: Sting             |    37 |    22 ||    59
       Poisonous Vapours |     7 |    18 ||    25
  Use: Scroll            |     2 |       ||     2
 Stab: Sleeping          |       |     1 ||     1
  Eat: Chunk             |    14 |     5 ||    19
Armor: Skin              |     5 |     7 ||    12
Dodge: Dodged            |    39 |    46 ||    85
